 Dungeon Crawl Stone Soup version 0.29-a0-337-g68df138881 (webtiles) character file.

Game seed: 5434061714623027091

1607 Laraso the Spear-Bearer (level 8, -18/41 HPs)
             Began as an Octopode Chaos Knight on Apr 16, 2022.
             Was an Elder of Hepliaklqana.
             Killed from afar by a steam dragon (21 damage)
             ... with a ball of steam
             ... on level 6 of the Dungeon.
             The game lasted 00:07:11 (4739 turns).

Laraso the Spear-Bearer (Octopode Chaos Knight)     Turns: 4739, Time: 00:07:12

Health: -18/41     AC:  1    Str: 11    XL:     8   Next: 95%
Magic:  9/9        EV: 13    Int: 15    God:    Hepliaklqana [****..]
Gold:   344        SH:  0    Dex: 11    Spells: 5/7 levels left

rFire   . . .      SeeInvis .   a - +0 spear (chaos)
rCold   . . .      Faith    .   (no shield)
rNeg    . . .      Spirit   .   (helmet restricted)
rPois   .          Reflect  .   (no amulet)
rElec   .          Harm     .   i - ring of flight
rCorr   .          Rampage  .   (no ring)
Will    .....                   (no ring)
Stlth   ++........              (no ring)
HPRegen 0.13/turn               (no ring)
MPRegen 0.11/turn               (no ring)
                                (no ring)
                                (no ring)

@: flying, unable to read
A: reduced essence, almost no armour, amphibious, 8 rings, camouflage 1,
gelatinous body 1, (nimble swimmer 1), tentacles, tentacle spike 2, dopey 1,
frail 1, screaming 1, wild magic 1, inability to read while threatened
a: Renounce Religion, Recall Ancestor, Ancestor Identity, Transference, Idealise


You were on level 6 of the Dungeon.
You worshipped Hepliaklqana.
Hepliaklqana was greatly pleased with you.
You visited 1 branch of the dungeon, and saw 6 of its levels.

You collected 344 gold pieces.

Inventory:

Hand Weapons
 a - a +0 spear of chaos (weapon)
Missiles
 s - a throwing net
Magical Staves
 l - a staff of fire
Jewellery
 g - a ring of fire
 i - a ring of flight (left tentacle)
Wands
 p - a wand of iceblast (11)
 t - a wand of acid (12)
Scrolls
 o - 6 scrolls of teleportation
 q - a scroll of holy word
Potions
 c - 2 potions of haste
 d - a potion of resistance
 e - 4 potions of curing
 f - 2 potions of invisibility
 h - a potion of flight {unknown}
 j - a potion of heal wounds {unknown}
 k - 2 potions of ambrosia {unknown}
 m - a potion of berserk rage {unknown}
 n - 4 potions of brilliance
 r - a potion of cancellation
Miscellaneous
 b - a piece from Xom's chessboard (15/15)


   Skills:
 - Level 3.0 Fighting
 * Level 10.8 Polearms
 - Level 2.3 Dodging
 - Level 2.0 Transmutations
 + Level 2.6 Invocations


You had 5 spell levels left.
You knew the following spells:

 Your Spells              Type           Power      Damage    Failure   Level
a - Wereblood             Tmut           7%         N/A       26%         2

Your spell library contained the following spells:

 Spells                   Type           Power      Damage    Failure   Level
 Freeze                   Ice            0%         1d3       34%         1
 Sandblast                Erth           0%         2d4       34%         1
 Passwall                 Tmut/Erth      2%         N/A       34%         2
 Corpse Rot               Necr/Air       0%         N/A       47%         2
 Poisonous Vapours        Pois/Air       0%         N/A       47%         2
 Sublimation of Blood     Necr           0%         N/A       47%         2
 Frozen Ramparts          Ice            0%         1d2       71%         3
 Gell's Gravitas          Tloc           0%         N/A       71%         3
 Lesser Beckoning         Tloc           0%         N/A       71%         3
 Stone Arrow              Conj/Erth      0%         3d7       71%         3
 Teleport Other           Tloc           0%         N/A       71%         3
 Tukima's Dance           Hex            0%         N/A       71%         3
 Anguish                  Hex/Necr       0%         N/A       97%         4
 Hailstorm                Conj/Ice       0%         3d3       97%         4
 Dispersal                Tloc           0%         N/A       100%        6
 Enfeeble                 Hex            0%         N/A       100%        7
 Summon Hydra             Summ           0%         N/A       100%        7


Dungeon Overview and Level Annotations

Branches:
Dungeon (6/15)
 Temple: D:4-7

Altars:
Ashenzari
Hepliaklqana
Nemelex Xobeh
Okawaru
Wu Jian

Shops:
D:1 *


Innate Abilities, Weirdness & Mutations

Your life essence is reduced to manifest your ancestor. (-10% HP)
You cannot wear most types of armour.
You are amphibious.
You can wear up to eight rings at the same time.
Your skin changes colour to match your surroundings (Stealth+).
Your rubbery body absorbs attacks. (AC +1, EV +1)
((You are camouflaged when in or above water. (Stealth+)))
You have tentacles for arms and can constrict up to eight enemies at once.
One of your tentacles bears a nasty spike.
You are dopey. (Int -2)
You are frail. (-10% HP)
You occasionally shout uncontrollably at your foes.
Your spells are a little harder to cast, but a little more powerful.
You sometimes lose the ability to read scrolls when taking damage.


Message History

Space warps horribly around the black bear!
You kill the black bear!
No target in view!
No target in view!
You see here a +0 pair of gloves.
r - 2 brown potions (gained 1)
You now have 344 gold pieces (gained 18).
t - a wand of acid (12)
Found a scale mail.
There is a stone staircase leading up here.
You swap places.
There is a stone staircase leading up here.
You see here a necrophage corpse.
A steam dragon comes into view.
The steam dragon hisses angrily.
A steam dragon is nearby!
A steam dragon is nearby!
You swap places.
The steam dragon breathes steam at you.
The ball of steam hits Jane!
Jane resists.
The ball of steam hits you!!
Ouch! That really hurt!
You are too injured to fight recklessly!
The steam dragon breathes steam at you.
The ball of steam hits Jane.
Jane resists.
The ball of steam hits you!
You feel threatened and lose the ability to read scrolls!
* * * LOW HITPOINT WARNING * * *
You cannot read scrolls in your current state!
It was a potion of cancellation.
You feel magically purged.
Jane hits the steam dragon with a +0 flail.
The steam dragon breathes steam at you.
The ball of steam hits Jane!
Jane resists.
The ball of steam hits you!!
Ouch! That really hurt!
You die...
Xom titters!

..# ##.##.##...#####
.## #.##.#........#
.# #..#.#........#
#### ##.#.#........#
...# #...#....D...#
...######..####D#
...+......>...§R#
...#######.###.§#####
.........†...#§.@...#
....#####.##.#§...#.#
....# #.##.####.#
....# #.##....#.#
...######.#####.#..
..........#####.####
....########....#
###.# #.####
#.########.#


You could see the friendly Jane the knight.

Vanquished Creatures
  Pikel (D:4)
  A water moccasin (D:5)
  An ice beast (D:5)
  A black bear (D:6)
  A bullfrog (D:6)
  A hound (D:4)
  5 adders
  2 worms
  2 dart slugs
  8 orcs
  4 endoplasms
  A giant cockroach (D:1)
  6 goblins
  7 hobgoblins
  2 jackals (D:5)
  2 quokkas
  6 ball pythons
  7 bats
  6 kobolds
  3 rats
67 creatures vanquished.

Vanquished Creatures (collateral kills)
  Menkaure (D:5)
  2 black bears
  An ogre (D:5)
  A centaur (D:6)
  A necrophage (D:6)
  A scorpion (D:4)
  A hound (D:2)
  An adder (D:3)
  3 orcs
  A ball python (D:3)
  An endoplasm (D:4)
  2 goblins
  A hobgoblin (D:1)
  2 bats (D:2)
19 creatures vanquished.

Vanquished Creatures (others)
  A knight (D:4)
1 creature vanquished.

Grand Total: 87 creatures vanquished

Notes
Turn   | Place    | Note
-------+----------+-------------------------------------------
     0 | D:1      | Laraso the Octopode Chaos Knight began the quest for the
                  | Orb.
     0 | D:1      | Reached XP level 1. HP: 16/16 MP: 1/1
    23 | D:1      | Found Loigargh's Assorted Antiques.
    49 | D:1      | XOM: divination: detect creatures
   146 | D:1      | Reached XP level 2. HP: 17/21 MP: 2/2
   316 | D:1      | Reached skill level 4 in Polearms
   355 | D:1      | Found a faded altar of an unknown god.
   357 | D:1      | Reached XP level 3. HP: 26/26 MP: 3/3
   367 | D:1      | Prayed at the altar of an unknown god.
   367 | D:1      | Fell from the grace of Xom
   367 | D:1      | Became a worshipper of Hepliaklqana the Forgotten
   367 | D:1      | Reached * piety under Hepliaklqana
   523 | D:1      | Learned a level 2 spell: Wereblood
   764 | D:2      | Reached XP level 4. HP: 9/27 MP: 4/4
  1332 | D:2      | XOM: give mutations
  1332 | D:2      | Gained mutation: One of your tentacles bears a spike.
                  | [Xom's grace]
  1332 | D:2      | Gained mutation: You are partially covered in iridescent
                  | scales. (AC +2) [Xom's grace]
  1332 | D:2      | Gained mutation: One of your tentacles bears a nasty spike.
                  | [Xom's grace]
  1332 | D:2      | Gained mutation: Your spells are a little harder to cast,
                  | but a little more powerful. [Xom's grace]
  1417 | D:3      | XOM: give mutations
  1417 | D:3      | Gained mutation: You are frail. (-10% HP) [Xom's mischief]
  1417 | D:3      | Gained mutation: You are occasionally teleported next to
                  | monsters. [Xom's mischief]
  1417 | D:3      | Lost mutation: You are occasionally teleported next to
                  | monsters. [Xom's mischief]
  1433 | D:3      | Reached ** piety under Hepliaklqana
  1434 | D:3      | Remembered your ancestor Jane as a knight
  1642 | D:3      | XOM: 1-stop teleportation journey
  2288 | D:3      | Reached skill level 5 in Polearms
  2288 | D:3      | Reached XP level 5. HP: 28/28 MP: 5/5
  2703 | D:4      | Noticed a lemure
  2704 | D:4      | Noticed a lemure
  2705 | D:4      | Noticed Pikel
  2706 | D:4      | Noticed a lemure
  2708 | D:4      | Noticed a lemure
  2721 | D:4      | Killed Pikel
  2722 | D:4      | Reached skill level 8 in Polearms
  2722 | D:4      | Reached XP level 6. HP: 4/33 MP: 6/6
  2722 | D:4      | Reached XP level 7. HP: 4/36 MP: 7/7
  2739 | D:4      | XOM: give mutations
  2739 | D:4      | Gained mutation: You are very frail. (-20% HP) [Xom's
                  | mischief]
  2739 | D:4      | Lost mutation: You are partially covered in iridescent
                  | scales. (AC +2) [Xom's mischief]
  2739 | D:4      | Lost mutation: You are very frail. (-20% HP) [Xom's
                  | mischief]
  2739 | D:4      | Gained mutation: You sometimes lose the ability to read
                  | scrolls when taking damage. [Xom's mischief]
  2816 | D:4      | XOM: give mutations
  2816 | D:4      | Lost mutation: You are frail. (-10% HP) [Xom's mischief]
  2816 | D:4      | Gained mutation: You occasionally shout uncontrollably at
                  | your foes. [Xom's mischief]
  2816 | D:4      | Gained mutation: You are dopey. (Int -2) [Xom's mischief]
  2816 | D:4      | Gained mutation: You are frail. (-10% HP) [Xom's mischief]
  3137 | D:4      | Reached *** piety under Hepliaklqana
  3331 | D:5      | Entered Level 5 of the Dungeon
  3365 | D:5      | Noticed Menkaure
  3379 | D:5      | Killed Menkaure
  3380 | D:5      | Reached skill level 9 in Polearms
  3380 | D:5      | Reached XP level 8. HP: 41/41 MP: 8/8
  3486 | D:5      | Found an iron altar of Okawaru.
  3620 | D:5      | Reached skill level 10 in Polearms
  3723 | D:5      | Identified the +4 dagger of Change {protect, rElec rC++
                  | Dex-4 Stlth+}
  3821 | D:5      | Found a broken altar of Ashenzari.
  4028 | D:5      | Found an ornate altar of the Wu Jian Council.
  4382 | D:6      | Reached skill level 1 in Invocations
  4420 | D:6      | Reached **** piety under Hepliaklqana
  4528 | D:6      | Found a sparkling altar of Nemelex Xobeh.
  4558 | D:6      | XOM: noise
  4739 | D:6      | Killed from afar by a steam dragon

Illustrated notes

Levels and vault maps discovered:
D:1:      onia_arrival_mini_spirals, layout_rooms, serial_shops, shop_fountains,
          dreamdust_ecumenical_altar_hidden_monk_grotto,
          corexii_hall_statues_deadend
D:2:      layout_rooms
D:3:      layout_loops_corners
D:4:      layout_basic, grunt_ministairs_13, uniq_pikel
D:5:      layout_cave_pods, nicolae_wu_jian_glorious_leap, lemuel_round_altar,
          kennysheep_okawaru_gauntlet, serial_bayou_pond_e,
          hangedman_decor_slide_cut, hangedman_abyss_or_decor_lesser_grid,
          uniq_menkaure
D:6:      layout_basic, nemelex_diamond_rough_becter,
          lemuel_mausoleum_altar_kikubaaqudgha, chequers_serial_rivers_micro_d

Skill      XL: |  1  2  3  4  5  6  7  8 |
---------------+-------------------------+-----
Polearms       | 4 5 8 9 10 | 10.8
Transmutations | 2 |  2.0
Invocations    | 2 |  2.6
Fighting       | |  3.0
Dodging        | |  2.3

Action                   |  1- 3 |  4- 6 |  7- 9 || total
-------------------------+-------+-------+-------++-------
Melee: Spear             |    65 |    72 |    86 ||   223
       Constrict         |     8 |    13 |     6 ||    27
       Tentacles         |     7 |     5 |     2 ||    14
       Kick              |       |    10 |     6 ||    16
       Punch             |       |     2 |     1 ||     3
 Cast: Wereblood         |       |       |     3 ||     3
Invok: Ancestor Identity |     1 |       |       ||     1
       Recall Ancestor   |       |     1 |       ||     1
       Ancestor Life: Kn |       |     1 |       ||     1
  Use: Scroll            |     3 |     3 |     4 ||    10
       Potion            |       |       |     1 ||     1
 Stab: Sleeping          |    11 |     4 |     2 ||    17
       Paralysed         |       |       |     3 ||     3
Armor: Skin              |       |     7 |     1 ||     8
Dodge: Dodged            |    20 |    12 |     5 ||    37

Table legend: (Time is in decaauts)
 A = Elapsed time spent in this place.
 B = Non-inter-level travel time spent in this place.
 C = Inter-level travel time spent in this place.
 D = Time resting spent in this place.
 E = Time spent auto-exploring this place.
 F = Levels seen in this place.
 G = Mean time per level.
                   A        B        C        D        E       F      G
               +--------+--------+--------+--------+--------+-----+--------+
         Total |   4688 |   4625 |     63 |    555 |   3381 |   6 |  781.3 |
       Dungeon |   4688 |   4625 |     63 |    555 |   3381 |   6 |  781.3 |
               +--------+--------+--------+--------+--------+-----+--------+

Top non-repeatable levels by time:
     D:4: 997 daAuts
     D:5: 941 daAuts
     D:3: 913 daAuts
     D:2: 742 daAuts
     D:1: 661 daAuts
     D:6: 434 daAuts
